 Dungeon Crawl Stone Soup version 0.24.0-13-gcf9b3192b9 (webtiles) character file.

Game seed: 9825854087010807412, levelgen mode: deterministic

1185 Delamore the Cleaver (level 8, 0/64 HPs)
             Began as a Hill Orc Fighter on Nov 10, 2019.
             Was an Initiate of Beogh.
             Slain by a wight
             ... wielding a +2 halberd
              (12 damage)
             ... on level 5 of the Dungeon.
             The game lasted 00:07:10 (3580 turns).

Delamore the Cleaver (Hill Orc Fighter)             Turns: 3580, Time: 00:07:12

Health: 0/64       AC:  9    Str: 26    XL:     8   Next: 42%
Magic:  8/8        EV:  7    Int:  8    God:    Beogh [......]
Gold:   137        SH:  8    Dex: 10    Spells: 7/7 levels left

rFire    . . .     SeeInvis .   e - +0 hand axe (freeze)
rCold    . . .     Gourm    .   c - +0 shield
rNeg     . . .     Faith    .   b - +0 scale mail
rPois    .         Spirit   .   j - +1 helmet
rElec    .         Reflect  .   (no cloak)
rCorr    .         Harm     .   (no gloves)
MR       .....                  (no boots)
Stlth    ..........             (no amulet)
HPRegen  0.20/turn              (no ring)
MPRegen  0.11/turn              (no ring)

@: mighty, starving, heavily drained
A: no striking features
a: Renounce Religion


You were on level 5 of the Dungeon.
You worshipped Beogh.
Beogh was noncommittal.
You were starving.

You visited 1 branch of the dungeon, and saw 5 of its levels.

You collected 137 gold pieces.

Inventory:

Hand Weapons
 a - a +1 war axe
 e - a +0 hand axe of freezing (weapon)
Missiles
 p - 4 boomerangs
 w - 3 curare-tipped darts (quivered)
Armour
 b - a +0 scale mail (worn)
 c - a +0 shield (worn)
 j - a +1 helmet (worn)
Wands
 o - a wand of random effects (21)
 t - a wand of flame (14)
Scrolls
 g - a scroll of enchant armour
 h - 2 scrolls of teleportation
 l - 2 scrolls of enchant weapon
 n - 2 scrolls of fear
 r - 2 scrolls of immolation {unknown}
 u - a scroll of identify
 v - a scroll of magic mapping {unknown}
Potions
 d - 2 potions of might
 i - a potion of ambrosia
 k - 5 potions of heal wounds
 m - a potion of haste
 q - a potion of flight
 s - a potion of mutation {unknown}
Comestibles
 f - 9 rations


   Skills:
 - Level 3.6(1.4) Fighting
 + Level 11.4(8.7) Axes
 - Level 0.1(0.0) Throwing
 - Level 5.8(3.5) Armour
 - Level 0.3(0.0) Stealth
 - Level 3.2(1.1) Shields


You had 7 spell levels left.
You didn't know any spells.
Your spell library was empty.

Dungeon Overview and Level Annotations

Branches:
Dungeon (5/15)
 Temple: D:4-7

Altars:
Zin

Shops:
D:2 *


Message History

You hit the wight but do no damage.
The wight is severely damaged.
You block the wight's attack.
You hit the wight but do no damage.
The wight is severely damaged.
You block the wight's attack.
The wight hits you from afar with a cursed +0 halberd!
* * * LOW HITPOINT WARNING * * *
You feel drained.
* * * LOW HITPOINT WARNING * * *
You feel very mighty all of a sudden. You block the wight's attack.
The wight barely misses you. You block the wight's attack.
You closely miss the wight.
The wight is severely damaged.
The wight hits you with a +2 mace.
* * * LOW HITPOINT WARNING * * *
You feel drained.
The wight hits you from afar with a +2 halberd!
You die...

###.....#..##...##
#...
#..........###z..##
#... #.#........#
##z..## #...
#+###......# ##...##
#... ###....# ##...###
#..> ##...#
##....###... #.zz#
##.)..#....
#.>.#########..(.....
##..z@................
#.########.######+####
### #.# #.# #.# #.#
#.# #.# #.#


You could see 3 wights.

Vanquished Creatures
  Pikel (D:3)
  3 phantoms (D:4)
  An ogre (D:4)
  A howler monkey (D:4)
  2 orc wizards
  A centaur skeleton (D:4)
  Natasha (twice) (D:4)
  Terence (D:2)
  An iguana (D:4)
  A worker ant (D:3)
  4 adders
  A shadow imp (D:4)
  An ooze (D:1)
  3 worms
  A dart slug (D:1)
  2 leopard geckos
  14 orcs
  6 giant cockroaches
  9 goblins
  3 hobgoblins
  6 jackals
  2 quokkas
  A ball python (D:1)
  6 bats
  3 frilled lizards
  A jackal skeleton (D:4)
  4 kobolds
  A leopard gecko skeleton (D:4)
  13 rats
95 creatures vanquished.

Vanquished Creatures (others)
  Eustachio (D:4)
  A scorpion (D:4)
  An orc priest (D:4)
  An orc wizard (D:4)
  Natasha (D:4)
  An adder skeleton (D:4)
  3 orcs (D:4)
9 creatures vanquished.

Grand Total: 104 creatures vanquished

Notes
Turn   | Place    | Note
-------+----------+-------------------------------------------
     0 | D:1      | Delamore the Hill Orc Fighter began the quest for the Orb.
     0 | D:1      | Reached XP level 1. HP: 19/19 MP: 1/1
    33 | D:1      | Reached skill level 3 in Axes
    46 | D:1      | Reached XP level 2. HP: 26/26 MP: 2/2
   204 | D:1      | Reached XP level 3. HP: 26/31 MP: 3/3
   370 | D:1      | Reached skill level 4 in Axes
  1096 | D:2      | Found Zin's Purification Station.
  1106 | D:2      | Found a glowing silver altar of Zin.
  1107 | D:2      | Noticed Terence
  1116 | D:2      | Killed Terence
  1116 | D:2      | Reached XP level 4. HP: 31/39 MP: 4/4
  1133 | D:2      | Reached skill level 5 in Axes
  1758 | D:3      | Reached XP level 5. HP: 44/45 MP: 5/5
  1867 | D:3      | Reached skill level 6 in Axes
  2049 | D:4      | Noticed an ogre
  2050 | D:4      | Noticed a slave
  2050 | D:4      | Noticed Pikel
  2051 | D:4      | Noticed a slave
  2056 | D:4      | Killed an ogre
  2056 | D:4      | Reached skill level 5 in Armour
  2056 | D:4      | Reached XP level 6. HP: 36/51 MP: 6/6
  2100 | D:3      | Killed Pikel
  2100 | D:3      | Reached skill level 9 in Axes
  2100 | D:3      | Reached XP level 7. HP: 15/57 MP: 7/7
  2342 | D:4      | Became a worshipper of Beogh the Brigand
  2372 | D:4      | Noticed Natasha
  2384 | D:4      | Killed Natasha
  2384 | D:4      | Reached skill level 10 in Axes
  2384 | D:4      | Reached XP level 8. HP: 41/64 MP: 8/8
  2441 | D:4      | Killed Eustachio
  2495 | D:4      | Killed Natasha
  2775 | D:4      | Reached skill level 11 in Axes
  2923 | D:4      | Noticed Natasha
  2937 | D:4      | Killed Natasha
  3430 | D:5      | Entered Level 5 of the Dungeon
  3580 | D:5      | Slain by a wight

Levels and vault maps discovered:
D:1:      onia_arrival_larder, layout_loops_ring
D:2:      layout_basic, zin_purify, uniq_terence
D:3:      layout_basic, first_ration
D:4:      layout_basic, chequers_serial_rivers_small_a, uniq_natasha,
          uniq_pikel, uniq_eustachio
D:5:      layout_cave_pods, gammafunk_temple_overflow_pools,
          minmay_temple_entry_enclosed_plants, minmay_pentangle

Skill      XL: |  1  2  3  4  5  6  7  8 |
---------------+-------------------------+-----
Axes           | 3 4 5 6 9 10 11 | 11.4
Armour         | 4 5 |  5.8
Fighting       | |  3.6
Throwing       | |  0.1
Stealth        | |  0.3
Shields        | |  3.2

Action                   |  1- 3 |  4- 6 |  7- 9 || total
-------------------------+-------+-------+-------++-------
Melee: War axe           |   119 |   108 |    36 ||   263
       Hand axe          |       |       |   122 ||   122
Throw: Dart              |       |     1 |       ||     1
Invok: Convert to Beogh  |       |       |     1 ||     1
  Use: Scroll            |     3 |     6 |     3 ||    12
       Potion            |       |       |     1 ||     1
  Eat: Chunk             |     1 |     3 |     3 ||     7
Armor: Scale mail        |    43 |       |    47 ||    90
       Ring mail         |    10 |    45 |       ||    55
Dodge: Dodged            |    34 |    35 |    37 ||   106
Block: Shield            |    55 |    58 |    63 ||   176
